 Dungeon Crawl Stone Soup version 0.31-a0-675-g238779eb0a (webtiles) character file.

Game seed: 12484184822845497262

12467 LeprechaunX the Mimic (level 11, -8/70 HPs)
             Began as an Octopode Shapeshifter on Sept 5, 2023.
             Was a Priest of Hepliaklqana.
             Mangled by a gnoll sergeant
             ... wielding a +2 trident of protection
              (13 damage)
             ... on level 12 of the Dungeon.
             The game lasted 00:23:55 (10230 turns).

LeprechaunX the Mimic (Octopode Shapeshifter)      Turns: 10230, Time: 00:23:56

Health: -8/70      AC:  1    Str: 27    XL:     11   Next: 93%
Magic:  15/15      EV: 21    Int: 12    God:    Hepliaklqana [***...]
Gold:   318        SH:  0    Dex: 21    Spells: 14/16 levels left

rFire   . .          .
                       - Unarmed
rCold   . . .        (shield currently unavailable)
rNeg    + . .        (helmet restricted)
rPois   .            G - amulet of reflection
rElec   .            e - ring of resist corrosion
rCorr   +            j - ring of wizardry
SInv    .            m - +6 ring of strength
Will    .....        o - +6 ring of strength
Stlth   ++           q - +5 ring of evasion
HPRegen 0.31/turn    g - +4 ring of slaying
MPRegen 0.14/turn    p - ring of positive energy
                     Q - +6 ring of dexterity

%: reflection, wizardry (x1)
@: confused, blade tentacles, ambrosia-drunk
A: reduced essence, almost no armour, amphibious, 8 rings, camouflage 1,
gelatinous body 1, (nimble swimmer 1), tentacles
a: Begin Untransformation, Renounce Religion, Recall Ancestor, Ancestor
Identity, Transference


You were on level 12 of the Dungeon.
You worshipped Hepliaklqana.
Hepliaklqana was most pleased with you.
You had blades for main tentacles.
You visited 2 branches of the dungeon, and saw 13 of its levels.

You collected 486 gold pieces.
You spent 168 gold pieces at shops.

Inventory:

Hand Weapons
 a - the +9 shortbow "Qymuqurch" {drain, *Corrode rPois Dex-2 SInv}
   (You bought it in a shop on level 7 of the Dungeon)

   Dex-2:     It affects your dexterity (-2).
   rPois:     It protects you from poison SInv: It lets you see invisible.
   *Corrode:  It may corrode you when you take damage.
Missiles
 l - 13 boomerangs (quivered)
 H - 6 throwing nets
Jewellery
 e - a ring of resist corrosion (left blade tentacle)
 g - a +4 ring of slaying (on tentacle)
 j - a ring of wizardry (right blade tentacle)
 m - a +6 ring of strength (on tentacle)
 o - a +6 ring of strength (on tentacle)
 p - a ring of positive energy (on tentacle)
 q - a +5 ring of evasion (on tentacle)
 G - an amulet of reflection (around mantle)
 Q - a +6 ring of dexterity (on tentacle)
Talismans
 b - a beast talisman
 c - a flux talisman
 O - a blade talisman (active)
Wands
 C - a wand of mindburst (31)
 E - a wand of polymorph (10)
 M - a wand of paralysis (9)
Scrolls
 d - 2 scrolls of poison {unknown}
 f - 2 scrolls of fear {unknown}
 h - 4 scrolls of immolation {unknown}
 i - a scroll of butterflies {unknown}
 k - 4 scrolls of noise {unknown}
 s - 2 scrolls of teleportation {unknown}
 t - a scroll of torment {unknown}
 u - 11 scrolls of identify {unknown}
 v - 6 scrolls of blinking {unknown}
 x - a scroll of enchant weapon {unknown}
 y - a scroll of vulnerability {unknown}
 A - a scroll of fog {unknown}
 F - a scroll of revelation {unknown}
 J - 2 scrolls of amnesia {unknown}
 R - a scroll of enchant armour {unknown}
Potions
 n - 2 potions of might
 r - a potion of attraction {unknown}
 w - 2 potions of degeneration {unknown}
 z - 7 potions of ambrosia
 D - a potion of curing {unknown}
 I - 2 potions of brilliance {unknown}
 K - a potion of berserk rage {unknown}
 L - 2 potions of enlightenment {unknown}
 N - 2 potions of haste {unknown}
 P - 2 potions of mutation {unknown}
Miscellaneous
 B - a lightning rod (4/4)


   Skills:
 + Level 8.3 Fighting
 - Level 5.0 Ranged Weapons
 + Level 5.4 Dodging
 + Level 8.6 Unarmed Combat
 - Level 3.0 Spellcasting
 - Level 3.0 Translocations
 + Level 3.2 Invocations
 + Level 1.7 Evocations
 * Level 11.0 Shapeshifting


You had 14 spell levels left.
You knew the following spells:

 Your Spells              Type           Power      Damage    Failure   Level
a - Blink                 Tloc           18%        N/A       4%          2

Your spell library contained the following spells:

 Spells                   Type           Power      Damage    Failure   Level
 Necrotise                Necr           4%         1d4       10%         1
 Sublimation of Blood     Necr           1%         N/A       16%         2
 Manifold Assault         Tloc           9%         N/A       26%         4
 Ignite Poison            Fire/Tmut/Pois 1%         N/A       28%         3
 Vampiric Draining        Necr           1%         2d6       28%         3
 Petrify                  Tmut/Erth      1%         N/A       65%         4
 Sticky Flame             Conj/Fire      1%         2d3       65%         4
 Agony                    Necr           1%         N/A       92%         5
 Irradiate                Conj/Tmut      0%         3d11      92%         5
 Ignition                 Fire           0%         3d3       100%        8


Dungeon Overview and Level Annotations

Branches:
Dungeon (12/15)            Temple (1/1) D:6            Lair (0/5) D:9
    Orc (0/2) D:12

Altars:
Ashenzari
Cheibriados
Dithmenos
Elyvilon
Fedhas
Gozag
Hepliaklqana
Kikubaaqudgha
Makhleb
Nemelex Xobeh
Okawaru
Qazlal
Ru
Sif Muna
Trog
Uskayaw
Vehumet
Wu Jian
Xom
Yredelemnul
Zin
The Shining One

Shops:
D:3 :   D:7 [*(


Innate Abilities, Weirdness & Mutations

You have blades for main tentacles.
You are incapable of wielding weapons or throwing items.
Your life essence is reduced to manifest your ancestor. (-10% HP)
You cannot wear most types of armour.
You are amphibious.
You can wear up to eight rings at the same time.
Your skin changes colour to match your surroundings (Stealth+).
Your rubbery body absorbs attacks. (AC +1, EV +1)
((You are camouflaged when in or above water. (Stealth+)))
You have tentacles for arms and can constrict up to eight enemies at once.


Message History

You feel sick.
You feel sick.
You feel sick.
The gnoll sergeant attacks as it pursues you!
The gnoll sergeant barely misses you.
You feel sick.
The gnoll sergeant attacks as it pursues you!
You block the gnoll sergeant's attack.
You feel sick.
You feel sick.
The kobold brigand throws a curare-tipped dart.
The curare-tipped dart misses you.
The gnoll sergeant attacks as it pursues you!
You block the gnoll sergeant's attack.
You feel sick.
You are no longer poisoned.
The gnoll sergeant attacks as it pursues you!
The gnoll sergeant barely misses you.
The gnoll sergeant attacks as it pursues you!
The gnoll sergeant hits you from afar with a +2 trident of protection!
* * * LOW HITPOINT WARNING * * *
The gnoll sergeant attacks as it pursues you!
You block the gnoll sergeant's attack.
You slash the gnoll sergeant! You grab the gnoll sergeant.
The gnoll sergeant is moderately wounded.
You constrict the gnoll sergeant. You block the gnoll sergeant's attack.
You slash the gnoll sergeant!
The gnoll sergeant is severely wounded.
You constrict the gnoll sergeant, but do no damage.
The gnoll sergeant hits you with a +2 trident of protection!
* * * LOW HITPOINT WARNING * * *
You hit the gnoll sergeant.
The gnoll sergeant is almost dead.
You constrict the gnoll sergeant.
Unknown command.
You are confused.
You feel invigorated.
You constrict the gnoll sergeant, but do no damage.
The gnoll sergeant hits you with a +2 trident of protection!
You die...

#.....######'#..#
#.....#.........##
#.....#.......#..#
#.....#.......#..##
#.....###....##...#
#.......#########.##
#.......#..........#
#.......#..<.......+
#.....@.#..............
#.#####g#.........#####
#......O#.##.######
#....g#### #.# #.##..#
... #.##..# ...#######
#.##.O# ....#8...8#
#.....# #..o..#
#.....########o.ggT# ##


You could see an ogre and a gnoll sergeant.

Vanquished Creatures
  5 death yaks (D:9)
  A two-headed ogre (D:8)
  Pikel (D:8)
  A manticore (D:7)
  Joseph (D:8)
  Maggie (D:7)
  2 trolls
  A queen bee (D:11)
  A shadow (D:10)
  6 yaks (D:10)
  A wraith (D:11)
  4 acid dragons
  2 water moccasins
  4 orc warriors
  An ice beast (D:5)
  A sky beast (D:7)
  7 ogres
  4 centaurs
  A lemure (D:8)
  A phantom (D:6)
  4 kobold brigands
  A bullfrog (D:6)
  A gnoll sergeant (D:11)
  7 scorpions
  7 wights
  23 killer bees
  An electric eel (D:9)
  3 howler monkeys
  3 jellies
  2 hounds
  2 gnoll boudas
  4 orc priests
  2 sleepcaps
  2 iguanas
  10 orc wizards
  18 gnolls
  6 adders
  A shadow imp (D:8)
  A white imp (D:7)
  2 ufetubi
  2 worms
  6 dart slugs
  35 orcs
  6 ball pythons
  7 endoplasms
  A giant cockroach (D:4)
  4 goblins
  5 hobgoblins
  7 quokkas
  2 bats (D:2)
  5 frilled lizards
  12 kobolds
  A rat (D:2)
239 creatures vanquished.

Vanquished Creatures (collateral kills)
  5 killer bees
  A gnoll bouda (D:9)
  An orc wizard (D:10)
  4 gnolls
  2 orcs
13 creatures vanquished.

Vanquished Creatures (others)
  5 hexers
  An orc wizard (D:7)
  2 ancestors
8 creatures vanquished.

Grand Total: 260 creatures vanquished

Notes
Turn   | Place    | Note
-------+----------+-------------------------------------------
     0 | D:1      | LeprechaunX the Octopode Shapeshifter began the quest for
                  | the Orb.
     0 | D:1      | Reached XP level 1. HP: 13/13 MP: 1/1
   207 | D:1      | Reached XP level 2. HP: 18/18 MP: 2/2
   515 | D:2      | Identified the +3 leather armour of Tenacity {rC- Regen+
                  | Dex+4}
   656 | D:2      | Reached XP level 3. HP: 23/23 MP: 3/3
   782 | D:2      | Learned a level 2 spell: Blink
   979 | D:2      | Reached XP level 4. HP: 29/29 MP: 4/4
  1597 | D:3      | Found Belath's Book Shoppe.
  1806 | D:3      | Reached skill level 4 in Shapeshifting
  1979 | D:4      | Reached XP level 5. HP: 28/34 MP: 6/6
  2034 | D:4      | Reached skill level 1 in Spellcasting
  2041 | D:4      | Reached XP level 6. HP: 41/41 MP: 6/8
  2082 | D:4      | Found an opulent altar of Gozag.
  2184 | D:4      | Found a glowing silver altar of Zin.
  2234 | D:4      | Found a glowing golden altar of the Shining One.
  2373 | D:4      | Found a radiant altar of Vehumet.
  2488 | D:5      | Entered Level 5 of the Dungeon
  2529 | D:5      | Reached skill level 1 in Ranged Weapons
  2529 | D:5      | Reached XP level 7. HP: 36/45 MP: 9/9
  2720 | D:5      | Reached skill level 5 in Shapeshifting
  2732 | D:5      | Found a shimmering altar of Xom.
  2901 | D:5      | Reached XP level 8. HP: 52/52 MP: 11/11
  3288 | D:6      | Found a staircase to the Ecumenical Temple.
  3298 | Temple   | Entered the Ecumenical Temple
  3305 | Temple   | Became a worshipper of Hepliaklqana the Forgotten
  3537 | D:6      | Reached skill level 6 in Shapeshifting
  3815 | D:6      | Reached skill level 5 in Unarmed Combat
  4211 | D:7      | Found Ifaufur's Antique Weapon Boutique.
  4211 | D:7      | Found Qacusui's General Store.
  4211 | D:7      | Found Voav's Armour Boutique.
  4213 | D:7      | Bought a faintly glowing shortbow for 168 gold pieces
  4213 | D:7      | Identified the +9 shortbow "Qymuqurch" {drain, *Corrode
                  | rPois Dex-2 SInv} (You bought it in a shop on level 7 of
                  | the Dungeon)
  4258 | D:7      | Noticed a manticore
  4353 | D:7      | Reached skill level 1 in Translocations
  4364 | D:7      | Reached XP level 9. HP: 59/59 MP: 13/13
  4519 | D:7      | Noticed Maggie
  4527 | D:7      | Killed Maggie
  4583 | D:7      | Reached * piety under Hepliaklqana
  4678 | D:7      | Killed a manticore
  4679 | D:7      | Reached skill level 5 in Dodging
  4679 | D:7      | Reached skill level 7 in Shapeshifting
  5180 | D:7      | Reached skill level 5 in Fighting
  5384 | D:7      | Found a shimmering blue altar of Sif Muna.
  5526 | D:8      | Noticed a two-headed ogre
  5531 | D:8      | Killed a two-headed ogre
  5616 | D:8      | Reached XP level 10. HP: 60/60 MP: 14/14
  5647 | D:8      | Found a broken altar of Ashenzari.
  5652 | D:8      | Reached skill level 8 in Shapeshifting
  5805 | D:8      | Noticed Pikel
  5822 | D:8      | Killed Pikel
  6076 | D:8      | Found a burning altar of Makhleb.
  6169 | D:8      | Noticed Joseph
  6180 | D:8      | Killed Joseph
  6225 | D:8      | Reached ** piety under Hepliaklqana
  6227 | D:8      | Remembered your ancestor Hamal as a hexer
  6596 | D:9      | Reached skill level 5 in Ranged Weapons
  6695 | D:9      | Found a bloodstained altar of Trog.
  7089 | D:9      | Noticed a death yak
  7089 | D:9      | Noticed a death yak
  7090 | D:9      | Noticed a death yak
  7091 | D:9      | Noticed a death yak
  7092 | D:9      | Noticed a death yak
  7116 | D:9      | Killed a death yak
  7117 | D:9      | Reached skill level 9 in Shapeshifting
  7123 | D:9      | Killed a death yak
  7132 | D:9      | Killed a death yak
  7133 | D:9      | Reached XP level 11. HP: 24/67 MP: 15/15
  7136 | D:9      | Killed a death yak
  7137 | D:9      | Reached skill level 10 in Shapeshifting
  7139 | D:9      | Killed a death yak
  7412 | D:9      | Found a staircase to the Lair.
  7713 | D:9      | Found a basalt altar of Yredelemnul.
  7943 | D:10     | Entered Level 10 of the Dungeon
  8075 | D:10     | Reached skill level 1 in Invocations
  8204 | D:10     | Reached *** piety under Hepliaklqana
  9744 | D:11     | Reached skill level 1 in Evocations
  9778 | D:11     | Reached skill level 11 in Shapeshifting
  9893 | D:12     | Found a hide-covered altar of Uskayaw.
  9893 | D:12     | Noticed a cyclops
  9905 | D:12     | Noticed a cyclops
 10194 | D:12     | Found a staircase to the Orcish Mines.
 10228 | D:12     | HP: 1/70 [gnoll sergeant/+2 trident of protection (12)]
 10230 | D:12     | Mangled by a gnoll sergeant

Illustrated notes

Levels and vault maps discovered:
D:1:      dpeg_arrival_more_subterranean_lakeside_camping, layout_basic,
          minmay_tree_intersection
D:2:      layout_loops_ring
D:3:      layout_loops_ring, serial_shops, nicolae_shop_stone, st_stairs_9
D:4:      layout_gridville, mainiacjoe_overflow_alcove_2, kennysheep_little_box,
          lemuel_round_altar, nicolae_vehumet_altar_sigil
D:5:      cheibrodos_iron_armory, layout_loops_cross, overflow_temple_1_default,
          minmay_misc_feat_tower
D:6:      layout_loops_ring, minmay_temple_entry_statues_fountains
D:7:      layout_loops_ring, lemuel_coloured_pillars_altar,
          nicolae_shop_distant_corner_stores, corner_web_ring,
          serial_park_tiny_pond, uniq_maggie
D:8:      layout_loops_ring, makhleb_blood_cavern_becter,
          evilmike_ruin_ashenzari, chequers_serial_rivers_micro_d, uniq_pikel,
          uniq_joseph
D:9:      layout_gridville, mainiacjoe_overflow_chevrons, amcnicky_altar_gilded,
          dpeg_lair_monsters, kennysheep_generic_room_16
D:10:     layout_irregular_city
D:11:     layout_loops_ring, special_room [special_room_bee]
D:12:     minmay_the_grid_triangle_9x9_rhombus_full_mashed
          [minmay_the_grid_triangle_9x9_from_above,
          minmay_the_grid_triangle_9x9_skeleton,
          minmay_the_grid_triangle_9x9_fully_insulated_deathbox,
          minmay_the_grid_triangle_9x9_dagger,
          minmay_the_grid_triangle_9x9_stretched_checkered,
          minmay_the_grid_triangle_9x9_flanged_cone,
          minmay_the_grid_triangle_9x9_negative_grid,
          minmay_the_grid_triangle_9x9_prize_center], layout_stronghold,
          kennysheep_orc_monster_closet_entryway,
          nicolae_uskayaw_murder_on_the_dancefloor
Temple:   nicolae_temple_no_exploring_needed

Skill      XL: |  1  2  3  4  5  6  7  8  9 10 11 |
---------------+----------------------------------+-----
Fighting       | 2 3 4 5 7 8 |  8.3
Shapeshifting  | 4 5 6 7 9 11 | 11.0
Spellcasting   | 1 2 3 |  3.0
Dodging        | 3 4 5 |  5.4
Ranged Weapons | 1 2 3 4 5 |  5.0
Unarmed Combat | 4 5 6 7 8 |  8.6
Translocations | 1 3 |  3.0
Invocations    | 3 |  3.2
Evocations     | 1 |  1.7

Action                     |  1- 3 |  4- 6 |  7- 9 | 10-12 || total
---------------------------+-------+-------+-------+-------++-------
  Melee: Unarmed           |    49 |    66 |    95 |   178 ||   388
         Constrict         |    18 |    14 |    21 |    32 ||    85
         Tentacles         |    15 |    19 |    21 |    34 ||    89
         Punch             |       |     3 |     2 |     9 ||    14
   Fire: Sling             |       |     3 |    21 |       ||    24
         Shortbow          |       |       |    74 |    94 ||   168
  Throw: Boomerang         |       |       |       |     1 ||     1
 Invoke: Ancestor Life: He |       |       |       |     1 ||     1
  Evoke: Wand              |       |       |     1 |       ||     1
    Use: Potion            |     1 |       |     1 |     5 ||     7
   Stab: Sleeping          |    10 |     5 |     9 |     2 ||    26
         Confused          |       |       |       |     3 ||     3
         Distracted        |       |       |       |     1 ||     1
 Armour: Skin              |    10 |    18 |    24 |    84 ||   136
  Dodge: Dodged            |    17 |    32 |    66 |   122 ||   237
  Block: Other             |       |       |     3 |    42 ||    45
         Reflection        |       |       |       |     3 ||     3
   Form: Blade             |       |       |       |     1 ||     1

Table legend: (Time is in decaauts)
 A = Elapsed time spent in this place.
 B = Non-inter-level travel time spent in this place.
 C = Inter-level travel time spent in this place.
 D = Time resting spent in this place.
 E = Time spent auto-exploring this place.
 F = Levels seen in this place.
 G = Mean time per level.
                   A        B        C        D        E       F      G
               +--------+--------+--------+--------+--------+-----+--------+
         Total |  10196 |   9521 |    675 |    942 |   7016 |  13 |  784.3 |
       Dungeon |  10181 |   9506 |    675 |    942 |   7016 |  12 |  848.4 |
        Temple |     14 |     14 |      0 |      0 |      0 |   1 |   14.0 |
               +--------+--------+--------+--------+--------+-----+--------+

Top non-repeatable levels by time:
     D:9: 1379 daAuts
    D:11: 1150 daAuts
     D:8: 1117 daAuts
     D:7: 1116 daAuts
     D:6: 1039 daAuts
    D:10: 884 daAuts
     D:5: 781 daAuts
     D:2: 725 daAuts
     D:3: 714 daAuts
     D:4: 534 daAuts
     D:1: 501 daAuts
    D:12: 237 daAuts
  Temple: 14 daAuts
